Description

Esta build esta enfocada a la macro, la cual gracias al blink evitas posibles drops y un mejor control del stalker en el early game.

Build Order

Why is there no SALT encoding or Overwolf build?

  14  0:18  Pylon  
  16  0:38  Gateway (Chrono Boost)  Scaut + Crono Nexo
  17  0:45  Assimilator  
  20  1:20  Nexus  Con un curro de L.Mineral plantas Nexo y te quedas ( 3 / 15 / - )
  20  1:30  Cybernetics Core  Con el curro del Nexo plantas Cyber
  21  1:44  Assimilator  Misma sonda del Cyber
  22  1:50  Pylon  En la natural con la M.S.
  23  2:10  Adept (Chrono Boost)  Crono Gate
  25  2:15  Warp Gate  ( 3 / 16 / 3 )
  26  2:20  Twilight Council  Poner un Stalker en Cola
  28  2:28  Stalker  
  28  2:35  Probe (Chrono Boost)  
  28  2:40  Probe x2 (Chrono Boost)  Crono Nexus / Crono Cyber
  35  3:05  Gateway x2  Wall en Natural - 7 C.Natural
  37  3:10  Sentry  
  39  3:13  Blink (Chrono Boost)  Crono Cyber
  41  3:20  Shield Battery (Chrono Boost)  Crono Council
  41  3:30  Robotics Bay  13 C.Natural
  45  3:45  Pylon  1 En una esquina para ver Drops / 1 En el wall de Natural
  45  3:50  Pylon  
  45  4:05  Stalker x3  
  53  4:25  Nexus  Expandir en Fila ( 17 )
  53  4:30  Observer, Pylon  En la Tercera, Vision con Centry
  45  4:35  Stalker (Chrono Boost), Assimilator  Crono Blink, Natural 20 C.
  54  4:38  Assimilator  
  58  4:45  Pylon  
  56  4:50  Stalker x2  
  58  4:53  Stalker  
  64  5:10  Stalker x2  
  66  5:20  Forge x2  
  66  5:25  Pylon  
  70  6:00  Gateway x5  Main
    6:13  Observer  
    6:15  Charge  +1 / +1
    6:18  Observer  
    6:29  Pylon  
    6:50  Templar Archives  +2 / +2
    7:00  Immortal  
    7:50  Robotics Facility  
    8:20  Nexus  
Spawning Tool Build Advisor. Get it on Overwolf

Analysis

  1. Al minuto 6 tienes que tirar 5 gates para igualar la produccion del Terran.

  2. Crea aproximadamente 3 observers para tener control de mapa.

    • 1 Para scautear su base.
    • 2 Para ver posibles drops.
  3. Despues de haber llegado al minuto 6 y haber creado 5 gates, tu prioridad es mantener con crono tus mejoras de ataque y armadura.

  4. Las transiciones empiezan a partir del minuto 6 aprox. (dependiendo de tu situacion). -Archivos Templarios (Storms). -Colosos/Disrruptors. -Stargate (Tempest)

  5. Al (+2 / +2) ATACA (Cuenta con daño en area como colosos y Storms, y si no ganas al (+3 / +3) - (+1 / 0) Atacas otra vez con tempest.

Go to:

Details

  • Created by: Kakashi
  • Published on: Jan 19, 2019
  • Modified on: Jan 19, 2019
  • Patch: 4.7.1
Show

Export as new Build Order

Comments (0)

There are no comments. Be the first!

Create an account to comment!